 Dungeon Crawl Stone Soup version 0.29.1-14-g9c671dbff4 (webtiles) character file.

Game seed: 14412349448454625126

36 Barneous the Charlatan (level 3, -1/29 HPs)
             Began as a Draconian Artificer on Feb 13, 2023.
             Slain by a gnoll
             ... wielding a +0 whip
              (4 damage)
             ... on level 2 of the Dungeon.
             The game lasted 00:03:25 (1024 turns).

Barneous the Charlatan (Draconian Artificer)        Turns: 1024, Time: 00:03:27

Health: -1/29      AC:  6    Str: 14    XL:     3   Next: 19%
Magic:  0/3        EV: 12    Int: 13    God:
Gold:   54         SH:  0    Dex: 11    Spells: 2/2 levels left

rFire   . . .      SeeInvis .   f - +0 short sword
rCold   . . .      Faith    .   (no shield)
rNeg    . . .      Spirit   +   (body armour unavailable)
rPois   .          Reflect  .   (helmet restricted)
rElec   .          Harm     .   g - +0 cloak
rCorr   .          Rampage  .   (no gloves)
Will    .....                   (no boots)
Stlth   ++........              a - amulet of guardian spirit
HPRegen 0.09/turn               (no ring)
MPRegen 0.08/turn               (no ring)

@: no status effects
A: AC +5, unfitting armour, cold-blooded
a: no special abilities


You were on level 2 of the Dungeon.
You visited 1 branch of the dungeon, and saw 2 of its levels.

You collected 54 gold pieces.

Inventory:

Hand Weapons
 f - a +0 short sword (weapon)
Armour
 g - a +0 cloak (worn)
Magical Staves
 e - a staff of air
Jewellery
 a - an amulet of guardian spirit (around neck)
Wands
 b - a wand of flame (8) (quivered)
 c - a wand of charming (15)
 d - a wand of iceblast (5)


   Skills:
 + Level 2.0 Fighting
 + Level 2.5 Dodging
 + Level 1.6 Stealth
 + Level 3.3 Evocations


You had 2 spell levels left.
You didn't know any spells.
Your spell library was empty.

Dungeon Overview and Level Annotations

Branches:
Dungeon (2/15)

Altars:


Innate Abilities, Weirdness & Mutations

Your plain brown scales are hard. (AC +5)
You cannot fit into any form of body armour.
You are cold-blooded and may be slowed by cold attacks.


Message History

You kill the gnoll!
You barely miss the gnoll. The gnoll hits you with a +0 flail!
* * * LOW HITPOINT WARNING * * *
Aiming: Throw Flame
Press: ? - help, Q - select action, (/) - cycle Shift-Dir - straight line, f - endoplasm, p - gnoll
Aim: an endoplasm (98% to hit)
The puff of flame hits the gnoll!
The gnoll is severely wounded.
The gnoll barely misses you.
You hit the gnoll.
You kill the gnoll!
The gnoll closely misses you.
Your Fighting skill increases to level 2!
You have reached level 3!
Your experience leads to an increase in your attributes!
Increase (S)trength, (I)ntelligence, or (D)exterity?
You feel clever. x2; Your scales feel tougher.
Aiming: Throw Flame
Press: ? - help, Q - select action, (/) - cycle Shift-Dir - straight line, f/p - endoplasm
Aim: an endoplasm (98% to hit)
The puff of flame misses the gnoll.
The puff of flame hits the endoplasm!
You kill the endoplasm!
The gnoll hits you but does no damage.
You barely miss the gnoll. The gnoll barely misses you.
You closely miss the gnoll. The gnoll hits you but does no damage.
You hit the gnoll but do no damage. The gnoll hits you with a +0 whip.
* * * LOW HITPOINT WARNING * * *
Aiming: Throw Flame
Press: ? - help, Q - select action, (/) - cycle Shift-Dir - straight line, f - gnoll
Aim: a gnoll, wielding a +0 whip (75% to hit)
The puff of flame hits the gnoll.
The gnoll is lightly wounded.
The gnoll barely misses you.
Aiming: Throw Flame
Press: ? - help, Q - select action, (/) - cycle Shift-Dir - straight line, f/p - gnoll
Aim: a gnoll, wielding a +0 whip (lightly wounded, 75% to hit)
The puff of flame hits the gnoll!
The gnoll is almost dead.
The gnoll hits you with a +0 whip.
You die...

#.#.. .#.#.#.#
.....>## #.#....
......##### #
#.#...#... ># ###
#.#...#.# ..
#....####.#.#...#.###
......g@..#..........
#....####...#.#.#####
... ###.#<....... .
#.#.####### #.#..
..#.## ..... ....#
......


You could see a gnoll.

Vanquished Creatures
  2 gnolls (D:2)
  3 endoplasms
  A goblin (D:1)
  2 kobolds (D:1)
  A quokka (D:1)
  3 ball pythons (D:1)
  A bat (D:1)
  A frilled lizard (D:1)
  4 rats (D:1)
18 creatures vanquished.

Notes
Turn   | Place    | Note
-------+----------+-------------------------------------------
     0 | D:1      | Barneous the Draconian Artificer began the quest for the
                  | Orb.
     0 | D:1      | Reached XP level 1. HP: 16/16 MP: 1/1
    59 | D:1      | Reached skill level 1 in Stealth
   649 | D:1      | Reached XP level 2. HP: 23/23 MP: 2/2
   891 | D:1      | Found a faded altar of an unknown god.
  1019 | D:2      | Reached XP level 3. HP: 4/29 MP: 1/3
  1024 | D:2      | Slain by a gnoll

Illustrated notes

Levels and vault maps discovered:
D:1:      dpeg_arrival_signposts, layout_rooms,
          dreamdust_ecumenical_altar_angels_and_demons,
          minmay_stone_trees_small, kennysheep_pointless_box
D:2:      layout_basic

Skill      XL: |  1  2 |
---------------+-------+-----
Stealth        | 1 |  1.6
Fighting       | 2 |  2.0
Dodging        | |  2.5
Evocations     | |  3.3

Action                   || total
-------------------------++-------
Melee: Staff             ||    38
       Tailslap          ||     3
       Punch             ||     1
       Short sword       ||    24
Evoke: Wand              ||     7
  Use: Scroll            ||     4
       Potion            ||     2
 Stab: Sleeping          ||     1
Armor: Skin              ||    20
Dodge: Dodged            ||    38
